 Dungeon Crawl Stone Soup version 0.28-a0-1567-g1695149f81 (webtiles) character file.

Game seed: 17877769019162987266

326 Pin the Covered (level 6, -6/52 HPs)
             Began as a Hill Orc Monk on Jan 19, 2022.
             Mangled by an orc warrior (10 damage)
             ... on level 4 of the Dungeon.
             The game lasted 00:07:34 (5971 turns).

Pin the Covered (Hill Orc Monk)                     Turns: 5971, Time: 00:07:35

Health: -6/52      AC: 10    Str: 16    XL:     6   Next: 49%
Magic:  6/6        EV:  7    Int: 10    God:
Gold:   120        SH:  0    Dex: 13    Spells: 5/5 levels left

rFire   + . .      SeeInvis .   a - +0 hand axe
rCold   . . .      Faith    .   (no shield)
rNeg    . . .      Spirit   .   e - +0 chain mail
rPois   .          Reflect  .   (no helmet)
rElec   .          Harm     .   (no cloak)
rCorr   .          Rampage  .   (no gloves)
Will    .....                   (no boots)
Stlth   ..........              (no amulet)
HPRegen 0.17/turn               f - ring of protection from fire
MPRegen 0.10/turn               (no ring)

@: no status effects
A: no striking features
a: no special abilities


You were on level 4 of the Dungeon.
You visited 1 branch of the dungeon, and saw 4 of its levels.

You collected 120 gold pieces.

Inventory:

Hand Weapons
 a - a +0 hand axe (weapon)
Armour
 e - a +0 chain mail (worn)
Jewellery
 f - a ring of protection from fire (left hand)
Scrolls
 c - a scroll of enchant armour {unknown}
 d - 5 scrolls of identify {unknown}
 g - a scroll of fog {unknown}
 k - a scroll of fear {unknown}
 l - a scroll of summoning {unknown}
 m - 2 scrolls of torment {unknown}
 n - a scroll of teleportation {unknown}
Potions
 b - a potion of magic {unknown}
 h - 2 potions of mutation {unknown}
 i - a potion of brilliance {unknown}
 j - a potion of heal wounds {unknown}
 o - a potion of attraction {unknown}


   Skills:
 + Level 3.9 Fighting
 + Level 4.3 Axes
 + Level 6.6 Armour
 - Level 2.4 Dodging
 - Level 1.5 Stealth


You had 5 spell levels left.
You didn't know any spells.
Your spell library contained the following spells:

 Spells                   Type           Power      Damage    Failure   Level
 Sandblast                Erth           0%         2d4       99%         1
 Sting                    Tmut/Pois      0%         1d3       99%         1
 Passwall                 Tmut/Erth      0%         N/A       100%        2
 Poisonous Vapours        Pois/Air       0%         N/A       100%        2
 Dazzling Flash           Conj/Hex       0%         N/A       100%        3
 Stone Arrow              Conj/Erth      0%         3d7       100%        3
 Olgreb's Toxic Radiance  Pois           0%         N/A       100%        4
 Agony                    Necr           0%         N/A       100%        5
 Silence                  Hex/Air        0%         N/A       100%        5


Dungeon Overview and Level Annotations

Branches:
Dungeon (4/15)
 Temple: D:4-7

Altars:
Xom


Message History

Deactivating autopickup; reactivate with Ctrl-A.
Sorry, you're not good enough to have a special ability.
You hear a zap.
You hear a grinding noise.
You barely miss the orc. The orc hits you with a +0 whip.
You hit the orc.
The orc is heavily wounded.
The orc barely misses you. x2
You hit the orc but do no damage.
The orc is moderately wounded.
The orc warrior completely misses you. The orc hits you with a +0 whip.
The orc warrior hits you from afar with a +0 glaive!!
You closely miss the orc.
The orc is moderately wounded.
The orc hits you but does no damage.
The orc warrior hits you but does no damage.
You closely miss the orc.
The orc is moderately wounded.
The orc hits you but does no damage.
The orc warrior hits you but does no damage.
You barely miss the orc.
The orc is moderately wounded.
The orc hits you but does no damage.
The orc warrior hits you from afar with a +0 glaive.
You closely miss the orc.
The orc is moderately wounded.
The orc warrior hits you from afar with a +0 glaive.
* * * LOW HITPOINT WARNING * * *
The orc hits you with a +0 whip.
* * * LOW HITPOINT WARNING * * *
You hear a zap.
You hear a grinding noise.
The orc hits you but does no damage.
The orc warrior hits you with a +0 glaive!
* * * LOW HITPOINT WARNING * * *
You hit the orc. Your punch misses the orc.
The orc is severely wounded.
You barely miss something.
You hit the orc warrior but do no damage.
The orc hits you but does no damage.
The orc warrior hits you with a +0 glaive!
You die...

+..##### ####### #.####
#......# #.....# ####.#
#......#######.###.# #....####
#......... ..#...#.###.###....
#......#####.###.#......(#.##.
#..{.o.....#># #.#####...#.##.
......#+##.##.#.# #.###
#####.... ....#
#..#.#o###...## ####. ...
.#.#...@......# #####. . #.
.###.o(.##..# #..... #.
.#...##..#..#####.###. #.
.#.......#........# #. #.
.#......###.####### #. ##
##..........# ###.
#.......#### #... #.......#
#... #.#....#.# #...


You could see an orc warrior and an orc.

Vanquished Creatures
  A phantom (D:3)
  A jelly (D:4)
  Natasha (thrice) (D:3 D:2)
  A hound zombie (D:3)
  5 adders
  A worm (D:2)
  5 dart slugs
  4 orcs
  9 bats
  6 endoplasms
  4 giant cockroaches
  10 hobgoblins
  6 kobolds
  2 quokkas
  11 ball pythons
  2 frilled lizards
  4 goblins
  2 rats (D:1)
77 creatures vanquished.

Notes
Turn   | Place    | Note
-------+----------+-------------------------------------------
     0 | D:1      | Pin the Hill Orc Monk began the quest for the Orb.
     0 | D:1      | Reached XP level 1. HP: 19/19 MP: 1/1
   246 | D:1      | Reached skill level 1 in Armour
   368 | D:1      | Found a faded altar of an unknown god.
   395 | D:1      | Reached XP level 2. HP: 17/26 MP: 2/2
   412 | D:1      | Reached skill level 2 in Armour
  1056 | D:1      | Reached XP level 3. HP: 31/31 MP: 3/3
  1336 | D:1      | Reached skill level 3 in Armour
  2626 | D:2      | Reached skill level 4 in Armour
  2626 | D:2      | Reached XP level 4. HP: 6/39 MP: 4/4
  3933 | D:3      | Found a shimmering altar of Xom.
  3967 | D:3      | Noticed Natasha
  3989 | D:3      | Killed Natasha
  3990 | D:3      | Reached XP level 5. HP: 35/45 MP: 5/5
  4038 | D:3      | Noticed Natasha
  4096 | D:3      | Reached skill level 5 in Armour
  4134 | D:3      | Killed Natasha
  4396 | D:3      | Noticed a phantom
  4423 | D:3      | Noticed Natasha
  4446 | D:2      | Killed Natasha
  4678 | D:3      | Killed a phantom
  4679 | D:3      | Reached skill level 6 in Armour
  4679 | D:3      | Reached XP level 6. HP: 33/51 MP: 6/6
  4907 | D:3      | Identified the +1 scale mail "Worrewan" {-Tele rCorr Dex+5}
  5950 | D:4      | Noticed an orc warrior
  5971 | D:4      | Mangled by an orc warrior

Illustrated notes

Levels and vault maps discovered:
D:1:      beargit_arrival_diablo_church, layout_loops_ring,
          chequers_ecumenical_altar_island
D:2:      minmay_chambers_of_twos, layout_loops_ring, nrook_mini_backslash
D:3:      layout_basic, mainiacjoe_overflow_surrounded_room, uniq_natasha
D:4:      layout_basic, uniq_grinder, uniq_ijyb

Skill      XL: |  1  2  3  4  5 |
---------------+----------------+-----
Armour         | 1 2 4 6 |  6.6
Fighting       | |  3.9
Axes           | |  4.3
Dodging        | |  2.4
Stealth        | |  1.5

Action                   |  1- 3 |  4- 6 || total
-------------------------+-------+-------++-------
Melee: Hand axe          |   173 |   182 ||   355
       Punch             |     1 |     4 ||     5
Armor: Robe              |    20 |       ||    20
       Chain mail        |    76 |   102 ||   178
Dodge: Dodged            |    82 |    80 ||   162

Table legend: (Time is in decaauts)
 A = Elapsed time spent in this place.
 B = Non-inter-level travel time spent in this place.
 C = Inter-level travel time spent in this place.
 D = Time resting spent in this place.
 E = Time spent auto-exploring this place.
 F = Levels seen in this place.
 G = Mean time per level.
                   A        B        C        D        E       F      G
               +--------+--------+--------+--------+--------+-----+--------+
         Total |   6008 |   5850 |    158 |   2572 |   2338 |   4 | 1502.0 |
       Dungeon |   6008 |   5850 |    158 |   2572 |   2338 |   4 | 1502.0 |
               +--------+--------+--------+--------+--------+-----+--------+

Top non-repeatable levels by time:
     D:2: 2609 daAuts
     D:1: 1514 daAuts
     D:3: 1120 daAuts
     D:4: 764 daAuts
